 Dungeon Crawl Stone Soup version 0.32-a0-872-g59262bdc9b (webtiles) character file.

Game seed: 15917030432853086038

46 LobsterGuardian the Cudgeller (level 3, -12/23 HPs)
             Began as a Gargoyle Cinder Acolyte on Mar 31, 2024.
             Was a High Priest of Ignis.
             Engulfed by a cloud of flame (17 damage)
             ... on level 2 of the Dungeon.
             The game lasted 00:04:12 (1404 turns).

LobsterGuardian the Cudgeller (GrCA)                Turns: 1404, Time: 00:04:13

Health: -12/23     AC:  6    Str: 19    XL:     3   Next: 68%
Magic:  0/4        EV: 10    Int: 14    God:    Ignis [*****.]
Gold:   87         SH:  0    Dex:  5    Spells: 2/4 levels left

rFire   + . .        a - -1 mace (flame)
rCold   . . .        (no shield)
rNeg    + . .        b - +0 robe
rPois   ∞            l - +0 helmet
rElec   +            (no cloak)
rCorr   .            (no gloves)
SInv    .            (no boots)
Will    +....        c - amulet of the acrobat
Stlth   +            e - ring of wizardry
HPRegen 0.23/turn    i - ring of willpower
MPRegen 0.09/turn

%: acrobat, wizardry (x1)
@: on berserk cooldown, slowed, very slow
A: sickness immunity, AC +3, negative energy resistance 1, electricity
resistance, torment resistance 1, petrification resistance
a: Renounce Religion, Fiery Armour, Foxfire Swarm, Rising Flame


You were on level 2 of the Dungeon.
You worshipped Ignis.
Ignis was extremely pleased with you.
You visited 1 branch of the dungeon, and saw 2 of its levels.

You collected 87 gold pieces.

Inventory:

Hand Weapons
 a - a -1 mace of flaming (weapon)
Armour
 b - a +0 robe (worn)
 l - a +0 helmet (worn)
Jewellery
 c - an amulet of the acrobat (around neck)
 e - a ring of wizardry (left hand)
 i - a ring of willpower (right hand)
Scrolls
 h - a scroll of torment {unknown}
 k - a scroll of immolation
 m - 2 scrolls of identify {unknown}
 n - 2 scrolls of teleportation {unknown}
Potions
 j - a potion of attraction {unknown}


   Skills:
 + Level 3.5 Fighting
 * Level 3.9 Maces & Flails
 + Level 0.6 Dodging
 + Level 1.0 Spellcasting
 + Level 3.2 Fire Magic


You had 2 spell levels left.
You knew the following spells:

 Your Spells              Type           Power      Damage    Failure   Level
a - Scorch                Fire           18%        2d5       4%          2

Your spell library contained the following spells:

 Spells                   Type           Power      Damage    Failure   Level


Dungeon Overview and Level Annotations

Branches:
Dungeon (2/15)

Altars:


Innate Abilities, Weirdness & Mutations

You are immune to sickness and miasma.
Your stone body is resilient. (AC +3)
You are immune to poison.
You resist negative energy. (rN+)
You are resistant to electric shocks. (rElec)
You are resistant to unholy torment.
You are immune to petrification.


Message History

The goblin is severely wounded.
The goblin hits you with a +0 club.
* * * LOW HITPOINT WARNING * * *
The hobgoblin closely misses you.
Unknown command.
You feel a strong urge to attack something.
The goblin attacks as it pursues you! The goblin hits you with a +0 club.
* * * LOW HITPOINT WARNING * * *
You feel your anger nearly subside.
You are no longer berserk.
You are exhausted.
You feel yourself slow down.
You aren't carrying any items that you can evoke.
It was a potion of heal wounds.
You feel much better. The goblin hits you but does no damage.
You closely miss the goblin.
The goblin is severely wounded.
The goblin hits you but does no damage. The goblin closely misses you.
Unknown command.
Casting: Scorch (safe; 4% risk of failure)
Confirm with . or Enter, or press ? or * to list all spells.
You don't know that spell.
Casting: Scorch (safe; 4% risk of failure)
Confirm with . or Enter, or press ? or * to list all spells.
Flames lash the hobgoblin.
The hobgoblin explodes!
The fiery explosion engulfs the goblin!! x2
The goblin explodes!
The fiery explosion engulfs the hobgoblin!! x2
The hobgoblin explodes! x2
You feel a bit more experienced.
You hear an explosion!
You feel a bit more experienced.
The goblin explodes!
The fiery explosion engulfs you!! You resist.
Ouch! That really hurt!
* * * LOW HITPOINT WARNING * * *
You are engulfed in blazing flames.
You resist.
Ouch! That really hurt!
You die...
Ignis goes out, and joins you in death.

.....####.....#
#.#
..............####
.....####........#
###.## #....###.#
#.# #....# #.#
#.### ###.## #.#
..... #.# #.#
...... #.# #.#
....... #.# #@#
......###.# #§# .
........#.# #§#
.........)gg####§#
......)..ggg.§§#
....g.##########
..... .###


There were no monsters in sight!

Vanquished Creatures
  Robin (D:2)
  An adder (D:2)
  A ribbon worm (D:2)
  3 bats
  5 endoplasms
  2 giant cockroaches (D:2)
  5 hobgoblins
  2 kobolds
  A quokka (D:2)
  2 ball pythons (D:2)
  4 frilled lizards
  12 goblins
  2 rats (D:2)
41 creatures vanquished.

Notes
Turn   | Place    | Note
-------+----------+-------------------------------------------
     0 | D:1      | LobsterGuardian the Gargoyle Cinder Acolyte began the quest
                  | for the Orb.
     0 | D:1      | Reached XP level 1. HP: 14/14 MP: 2/2
   255 | D:1      | Reached XP level 2. HP: 19/19 MP: 3/3
  1150 | D:2      | Reached XP level 3. HP: 23/23 MP: 4/4
  1153 | D:2      | Learned a level 2 spell: Scorch
  1373 | D:2      | Noticed Robin
  1400 | D:2      | HP: 1/34 [goblin/+0 club[Robin] (4)]
  1404 | D:2      | Killed Robin
  1404 | D:2      | Engulfed by a cloud of flame

Illustrated notes

Levels and vault maps discovered:
D:1:      ncdulo_wetmaze, layout_loops_ring, nrook_campfire,
          minmay_fountain_box, chequers_serial_rivers_micro_b
D:2:      layout_basic, minmay_domino_2, uniq_robin

Action                     || total
---------------------------++-------
  Melee: Mace              ||    94
   Cast: Scorch            ||     9
    Use: Potion            ||     5
         Scroll            ||     1
 Armour: Robe              ||    77
  Dodge: Dodged            ||    68

Table legend: (Time is in decaauts)
 A = Elapsed time spent in this place.
 B = Non-inter-level travel time spent in this place.
 C = Inter-level travel time spent in this place.
 D = Time resting spent in this place.
 E = Time spent auto-exploring this place.
 F = Levels seen in this place.
 G = Mean time per level.
                   A        B        C        D        E       F      G
               +--------+--------+--------+--------+--------+-----+--------+
         Total |   1430 |   1390 |     40 |      0 |   1137 |   2 |  715.0 |
       Dungeon |   1430 |   1390 |     40 |      0 |   1137 |   2 |  715.0 |
               +--------+--------+--------+--------+--------+-----+--------+

Top non-repeatable levels by time:
     D:1: 739 daAuts
     D:2: 690 daAuts
